 Dungeon Sprint DCSS version 0.30-a0-824-g6c64550be9 (webtiles) character file.

Game seed: 16376498527531809438

1300000 ytrimaz the Warrior (level 11, -35/102 HPs)
             Began as a Demonspawn Gladiator on Feb 27, 2023.
             Was an Initiate of Makhleb.
             Annihilated by a bag of meat
             ... wielding a +9 war axe
              (36 damage)
             ... in the Dungeon (Sprint VIII: "Arena of Blood").
             The game lasted 00:00:26 (13 turns).

ytrimaz the Warrior (Demonspawn Gladiator)            Turns: 13, Time: 00:00:26

Health: -35/102    AC:  9    Str: 14    XL:     11   Next: 78%
Magic:  11/11      EV: 21    Int: 10    God:    Makhleb [......]
Gold:   0          SH:  0    Dex: 19    Spells: 10/10 levels left

rFire   . . .      SeeInvis .      - Unarmed
rCold   . . .      Faith    .    (no shield)
rNeg    . . .      Spirit   .    a - +0 leather armour
rPois   .          Reflect  .    b - +0 helmet
rElec   .          Harm     .    (no cloak)
rCorr   .          Rampage  .    (no gloves)
Will    .....      NoTele   +    (no boots)
Stlth   +                        (no amulet)
HPRegen 0.37/turn                (no ring)
MPRegen 0.12/turn                (no ring)

@: no status effects
A: icy blue scales 2, powered by death 1, demonic magic 1, weakness stinger 2
a: Renounce Religion


You were in the Dungeon.
You worshipped Makhleb.
Makhleb was noncommittal.
You visited 1 branch


Innate Abilities, Weirdness & Mutations

You are mostly covered in icy blue scales. (AC +3)
You regenerate a little health from kills.
Spells you cast may paralyse adjacent enemies.
You have a tail ending in a sharp stinger.


   Skills:
 + Level 15.3 Fighting
 + Level 13.9 Axes
 - Level 1.7 Throwing
 + Level 13.9 Armour
 + Level 14.2 Dodging
 - Level 2.6 Unarmed Combat


You had 10 spell levels left.
You didn't know any spells.
Your spell library was empty.

Inventory:

Hand Weapons
 k - the +∞ Axe of Woe
   (You found it in the Dungeon)
Missiles
 c - 3 throwing nets (quivered)
 d - a javelin
Armour
 a - a +0 leather armour (worn)
 b - a +0 helmet (worn)
Scrolls
 j - a scroll of blinking
Potions
 e - a potion of curing
 f - a potion of heal wounds
 g - a potion of haste
 h - 2 potions of magic
 i - a potion of berserk rage

Dungeon Overview and Level Annotations

Branches:
Dungeon (1/1) Zot: 27000

Altars:
Makhleb

.... .. .... ..
... #. ..# #..
..# .###..
..###..
.....o###O......
......._@o......
....#.....#.....
. #_.<._# ...
#.....# .
.o..._.....
......###......
.###.. ..###.
#.. ..# #.. ..#


You could see a meat berserker (berserk) and 3 bags of meat.


Message History

A bag of meat comes into view. It is wielding a +9 war axe.
You hear a shout! x12
There is a burning altar of Makhleb here.
You kneel at the altar of Makhleb.
Makhleb welcomes you!
You hear a shout! x4
Unknown command.
Press < or > to pray at altars.
k - the +∞ Axe of Woe (weapon)
You hear a shout!
The meat berserker appears out of thin air!
A meat berserker comes into view. It is wielding a +9 battleaxe.
The meat berserker appears out of thin air!
A meat berserker comes into view. It is wielding a +9 battleaxe.
The bag of meat shouts!
The meat berserker shouts!
You hear a shout! x8
You hear a shout! x7
Unknown command.
You hear a shout! x2
The meat berserker barely misses you.
Unknown command.
You slash the meat berserker!
You hew the meat berserker savagely.
You kill the meat berserker!
Makhleb accepts your kill.
The bag of meat appears out of thin air!
A bag of meat comes into view. It is wielding a +9 war axe.
You hear a shout! x13
Your Fighting skill gained 13 levels and is now at level 15!
Your Axes skill gained 13 levels and is now at level 13!
Your Armour skill gained 13 levels and is now at level 13!
Your Dodging skill gained 12 levels and is now at level 14!
You have reached level 2!
Your demonic ancestry asserts itself...
You grow a small tail.
You have reached level 3!
Your experience leads to an increase in your attributes!
Increase (S)trength, (I)ntelligence, or (D)exterity?
You feel agile. x2; Your demonic ancestry asserts itself...
A wave of death washes over you.
You have reached level 4!
You feel agile.
Your demonic ancestry asserts itself...
A menacing aura infuses your magic.
You have reached level 5!
Your demonic ancestry asserts itself...
Icy blue scales grow over part of your body.
You have reached level 6!
You have reached level 7!
You have reached level 8!
You feel clever.
Your demonic ancestry asserts itself...
Your tail grows a sharp stinger.
You have reached level 9!
Your experience leads to an increase in your attributes!
Increase (S)trength, (I)ntelligence, or (D)exterity?
You feel agile. x2; Your demonic ancestry asserts itself...
Icy blue scales spread over more of your body.
You have reached level 10!
You have reached level 11! 😎 HP[+86] MP[+10]
You now have 102 max hp (+86).
Your hp is fully restored (102).
Your mp is fully restored (11).
Unknown command.
You are now empty-handed.
You drop the +∞ Axe of Woe.
You hear a shout! x5
A bag of meat comes into view. It is wielding a +9 war axe.
You hear a shout! x5
Unknown command.
You completely miss the meat berserker.
The meat berserker hits you with a +9 battleaxe!!!
Ouch! That really hurt!
* * * LOW HITPOINT WARNING * * *
You hear a shout! x17 😨 HP[-51]
You take 51 damage, and now have 51/102 hp.
MASSIVE DAMAGE!! (PAUSE) Unknown command.
You hit the meat berserker. You tail-slap the meat berserker!
You hear a shout! x5
The meat berserker completely misses you.
You hear a shout! x4 😮 HP[+1] Unknown command.
Unknown command.
You barely miss the meat berserker.
The bag of meat appears out of thin air!
A bag of meat comes into view. It is wielding a +9 war axe.
The bag of meat appears out of thin air!
A bag of meat comes into view. It is wielding a +9 war axe.
The bag of meat shouts! x2; You hear a shout! x2
The meat berserker hits you with a +9 battleaxe!!!
Ouch! That really hurt!
* * * LOW HITPOINT WARNING * * *
You hear a shout! x6 😱 HP[-51]
You take 51 damage, and now have 1/102 hp.
MASSIVE DAMAGE!! (PAUSE)
k - the +∞ Axe of Woe You hear a shout! x6
The meat berserker barely misses you.
You hear a shout! x2
The bag of meat hits you with a +9 war axe!!!
You die...

Skill      XL: |  1 |
---------------+----+-----
Fighting       | 15 | 15.3
Axes           | 13 | 13.9
Armour         | 13 | 13.9
Dodging        | 14 | 14.2
Throwing       | |  1.7
Unarmed Combat | |  2.6

Action                     |  1- 3 |  4- 6 |  7- 9 | 10-12 || total
---------------------------+-------+-------+-------+-------++-------
  Melee: Executioner's axe |     1 |       |       |       ||     1
         Unarmed           |       |       |       |     3 ||     3
         Tailslap          |       |       |       |     1 ||     1
  Dodge: Dodged            |     1 |       |       |     2 ||     3

Levels and vault maps discovered:
D:        meatsprint

Notes
Turn   | Place    | Note
-------+----------+-------------------------------------------
     0 | D        | Found the +∞ Axe of Woe
     0 | D        | ytrimaz the Demonspawn Gladiator began the quest for the
                  | Orb.
     0 | D        | Reached XP level 1. HP: 16/16 MP: 1/1
     0 | D        | magus.rc [v1.9.6]
     1 | D        | Noticed a bag of meat
     3 | D        | Became a worshipper of Makhleb the Destroyer
     5 | D        | Noticed a meat berserker
     6 | D        | Noticed a meat berserker
     8 | D        | Killed a meat berserker
     9 | D        | Reached skill level 15 in Fighting
     9 | D        | Reached skill level 13 in Axes
     9 | D        | Reached skill level 13 in Armour
     9 | D        | Reached skill level 14 in Dodging
     9 | D        | Gained mutation: You have a small tail. [demonic ancestry]
     9 | D        | Reached XP level 2. HP: 44/44 MP: 2/2
     9 | D        | Gained mutation: You regenerate a little health from kills.
                  | [demonic ancestry]
     9 | D        | Reached XP level 3. HP: 50/50 MP: 3/3
     9 | D        | Gained mutation: Spells you cast may paralyse adjacent
                  | enemies. [demonic ancestry]
     9 | D        | Reached XP level 4. HP: 57/57 MP: 4/4
     9 | D        | Gained mutation: You are partially covered in icy blue
                  | scales. (AC +2) [demonic ancestry]
     9 | D        | Reached XP level 5. HP: 63/63 MP: 5/5
     9 | D        | Reached XP level 6. HP: 70/70 MP: 6/6
     9 | D        | Reached XP level 7. HP: 76/76 MP: 7/7
     9 | D        | Gained mutation: You have a tail ending in a sharp stinger.
                  | [demonic ancestry]
     9 | D        | Reached XP level 8. HP: 83/83 MP: 8/8
     9 | D        | Gained mutation: You are mostly covered in icy blue scales.
                  | (AC +3) [demonic ancestry]
     9 | D        | Reached XP level 9. HP: 89/89 MP: 9/9
     9 | D        | Reached XP level 10. HP: 96/96 MP: 10/10
     9 | D        | Reached XP level 11. HP: 102/102 MP: 11/11
     9 | D        | Noticed a bag of meat
     9 | D        | Noticed a bag of meat
    12 | D        | Noticed a bag of meat
    12 | D        | Noticed a bag of meat
    12 | D        | HP: 1/102 [meat berserker/+9 battleaxe (51)]
    13 | D        | Annihilated by a bag of meat

Vanquished Creatures
  An ogre (D)
1 creature vanquished.

Table legend:
 A = Non-vault XP
 B = Vault XP
 C = Vault XP percentage of total XP
 D = Non-vault monster count
 E = Vault monster count
 F = Vault count percentage of total count
                 A         B        C        D         E       F
            +---------+---------+-------+---------+---------+-------
      Total |   19495 |       0 |   0.0 |       1 |       0 |   0.0
            +---------+---------+-------+---------+---------+-------
          D |   19495 |       0 |   0.0 |       1 |       0 |   0.0
            +---------+---------+-------+---------+---------+-------

Illustrated notes

Table legend:
 A = Kills in this place as a percentage of kills in entire the game.
 B = Kills by you in this place as a percentage of kills by you in the entire game.
 C = Kills by friends in this place as a percentage of kills by friends in the entire game.
 D = Other kills in this place as a percentage of other kills in the entire game.
 E = Experience gained in this place as a percentage of experience gained in the entire game.
 F = Experience gained in this place divided by the number of levels of this place that you have seen.
                   A       B       C       D       E      F
               +-------+-------+-------+-------+-------+----------------------
         Total | 100.0 | 100.0 |   N/A |   N/A | 100.0 | 19495.0
       Dungeon | 100.0 | 100.0 |   N/A |   N/A | 100.0 | 19495.0
               +-------+-------+-------+-------+-------+----------------------

Table legend: (Time is in decaauts)
 A = Elapsed time spent in this place.
 B = Non-inter-level travel time spent in this place.
 C = Inter-level travel time spent in this place.
 D = Time resting spent in this place.
 E = Time spent auto-exploring this place.
 F = Levels seen in this place.
 G = Mean time per level.
                   A        B        C        D        E       F      G
               +--------+--------+--------+--------+--------+-----+--------+
         Total |     13 |     13 |      0 |      0 |      0 |   1 |   13.0 |
       Dungeon |     13 |     13 |      0 |      0 |      0 |   1 |   13.0 |
               +--------+--------+--------+--------+--------+-----+--------+

Top non-repeatable levels by time:
       D: 13 daAuts
